Map: Dämmertürme

Players

VBPreina - Winner!

  • Race: Zerg Zerg
  • League: Diamond

Berzerker

  • Race: Terran Terran
  • League: Silver

VOD

Have the link to the VOD?

Description

VBPreina wins with Nydus

Time

  • Played on: Dec. 15, 2015, 11:10 a.m.
  • Length: 7:21
Show
View Real Time Build Order
Export as new Build Order

VBPreina Zerg - Winner!

Build Orders: Hatch First, Roach Nydus 

Get SALT Encoding   

  12  0:08  Overlord  
  12  0:12  Drone  
  13  0:17  Drone  
  14  0:26  Drone  
  15  0:31  Drone  
  16  0:42  Drone  
  17  0:53  Hatchery  
  17  0:55  Drone  
  17  1:00  Extractor  
  17  1:03  Drone  
  17  1:13  Drone  
  17  1:17  Spawning Pool  
  17  1:24  Drone  
  18  1:34  Overlord  
  18  1:46  Drone  
  19  1:55  Drone  
  20  2:03  Metabolic Boost  
  20  2:06  Queen x2  
  24  2:10  Zergling x4  
  26  2:24  Drone x2  
  26  2:28  Drone  
  29  2:32  Drone  
  30  2:46  Queen x2  
  30  2:47  Overlord  
  30  2:49  Overlord  
  34  2:58  Drone x2  
  36  3:04  Overlord x2  
  36  3:22  Drone x7  
  43  3:30  Lair  
  43  3:33  Drone  
  44  3:34  Drone  
  44  3:36  Drone  
  44  3:39  Extractor  
  44  3:41  Extractor  
  44  3:50  Queen  
  44  3:53  Drone x3  
  44  3:55  Drone x2  
  51  3:57  Drone  
  52  4:07  Drone  
  52  4:08  Drone x2  
  55  4:14  Roach Warren  
  55  4:16  Evolution Chamber  
  51  4:43  Zerg Missile Weapons Level 1  
  51  4:44  Drone x2  
  53  4:49  Drone  
  53  4:50  Queen  
  53  4:52  Nydus Network  
  55  4:53  Glial Reconstitution  
  55  4:59  Roach x6  
  67  5:16  Overlord x5  
  67  5:33  Queen  
  69  5:39  Nydus Canal  
  69  5:46  Overlord x2  
  69  5:47  Roach  
  69  5:48  Roach x6  
  83  6:06  Roach  
  83  6:07  Roach x6  
  85  6:34  Roach x6  
  85  6:35  Roach x2  
  95  6:58  Roach x5  
Show
View Real Time Build Order
Export as new Build Order

Berzerker Terran 

Build Orders: Command Center First (CC) 

Get SALT Encoding   

  12  0:07  SCV  
  13  0:19  SCV  
  14  0:22  Supply Depot  
  14  0:31  SCV  
  15  0:44  SCV  
  16  1:03  Command Center, SCV  
  17  1:16  SCV  
  18  1:28  SCV  
  19  1:39  Barracks  
  19  1:40  SCV, Barracks  
  20  1:51  Supply Depot  
  20  1:52  SCV  
  21  2:04  SCV  
  22  2:13  Refinery  
  24  2:28  Orbital Command x2  
  22  2:34  Bunker  
  22  2:52  Marine x2  
  22  2:53  Supply Depot  
  22  2:54  SCV x2  
  26  3:06  SCV x2, Barracks  
  26  3:10  Marine x2  
  30  3:18  SCV x2  
  32  3:27  Marine  
  32  3:28  Marine  
  32  3:30  SCV x2  
  36  3:34  Supply Depot  
  36  3:45  SCV x2, Marine x2  
  40  3:54  Marine  
  41  3:57  SCV x2  
  41  4:02  Barracks  
  43  4:03  Marine x2  
  43  4:04  Barracks  
  45  4:21  SCV x2  
  45  4:22  Marine x3  
  50  4:33  SCV x2  
  52  4:39  Marine  
  52  4:40  Marine x2  
  52  4:44  Barracks x2  
  55  4:49  Barracks x2  
  55  4:51  SCV x2  
  57  4:57  Marine  
  57  4:59  Barracks Reactor  
  58  5:00  Barracks Reactor x3  
  58  5:03  SCV x2  
  52  5:15  SCV x2  
  54  5:26  Supply Depot  
  54  5:27  SCV x2, Supply Depot, Marine  
  57  5:39  SCV x2  
  59  5:45  Marine  
  59  5:46  Engineering Bay  
  59  5:47  Engineering Bay  
  59  5:48  Marine x2  
  59  5:49  Marine x10  
  71  5:51  SCV x2  
  74  6:03  Marine  
  73  6:06  Marine x3  
  73  6:07  Marine x4  
  73  6:08  Marine  
  73  6:09  Marine  
  73  6:10  Marine x3  
  69  6:21  Marine  
  69  6:24  Marine x3  
  69  6:25  Marine x3  
  68  6:28  Marine  
  68  6:30  SCV  
  68  6:31  SCV, Marine x4  
  68  6:32  Marine  
  65  6:38  Marine  
  61  6:41  Marine  
  61  6:42  SCV, Marine x3  
  61  6:43  SCV, Marine x2  
  61  6:46  Marine  
  60  6:49  Marine x5  
  57  6:56  Marine  
  57  6:59  Marine  
  57  7:00  Marine x5  
Tags
 
Add a new tag
Caveats
  • Supply blocks, unpowered buildings, or Contaminate may cause inaccurate times.
  • Supply counts are checked every 10 seconds.